 Dungeon Crawl Stone Soup version 0.31-a0-984-gbfb7dba898 (webtiles) character file.

Game seed: 14354110620696940513

90 Querens the Shield-Bearer (level 4, -2/37 HPs)
             Began as a Formicid Fighter on Nov 3, 2023.
             Slain by a gnoll
             ... wielding a +0 flail
              (5 damage)
             ... on level 2 of the Dungeon.
             The game lasted 00:03:39 (1303 turns).

Querens the Shield-Bearer (Formicid Fighter)        Turns: 1303, Time: 00:03:40

Health: -2/37      AC:  7    Str: 23    XL:     4   Next: 85%
Magic:  4/4        EV:  9    Int:  7    God:
Gold:   43         SH:  5    Dex: 13    Spells: 3/3 levels left

rFire   . . .        a - +0 war axe
rCold   . . .        c - +0 buckler
rNeg    . . .        b - +0 scale mail
rPois   .            (helmet unavailable)
rElec   .            (no cloak)
rCorr   .            (no gloves)
SInv    +            (no boots)
Will    .....        (no amulet) Stlth
                     (no ring)
HPRegen 0.26/turn    (no ring)
MPRegen 0.09/turn

%: no passive effects
@: attractive
A: permanent stasis, dig shafts and tunnels, antennae 3, four strong arms
a: Dig, Shaft Self


You were on level 2 of the Dungeon.
You visited 1 branch of the dungeon, and saw 3 of its levels.

You collected 43 gold pieces.

Inventory:

Hand Weapons
 a - a +0 war axe (weapon)
Armour
 b - a +0 scale mail (worn)
 c - a +0 buckler (worn)
Jewellery
 e - a +6 ring of intelligence
 i - a ring of flight
Scrolls
 f - a scroll of fog {unknown}
 m - a scroll of blinking {unknown}
 n - a scroll of revelation {unknown}
Potions
 d - 2 potions of might
 h - a potion of berserk rage
 k - a potion of attraction
 l - a potion of haste {unknown}


   Skills:
 + Level 4.0 Fighting
 + Level 2.8 Axes
 + Level 4.0 Armour
 + Level 4.8 Shields


You had 3 spell levels left.
You didn't know any spells.
Your spell library was empty.

Dungeon Overview and Level Annotations

Branches:
Dungeon (3/15)

Altars:
Yredelemnul


Innate Abilities, Weirdness & Mutations

You cannot be hasted, slowed, berserked, paralysed or teleported.
You can dig through walls and to a lower floor.
You have a pair of large antennae on your head. (SInv)
Your four strong arms can wield two-handed weapons with a shield.


Message History

The gnoll hits you from afar with a +0 spear.
You completely miss the gnoll.
The gnoll is almost dead.
You hit the gnoll but do no damage. The gnoll hits you with a +0 club.
The gnoll hits you with a +0 flail. The gnoll hits you but does no damage.
You completely miss the gnoll.
The gnoll is almost dead.
You hit the gnoll. You block the gnoll's attack. The gnoll barely misses you.
The gnoll hits you but does no damage. The gnoll barely misses you.
The gnoll closely misses you. x2
You hit the gnoll.
You kill the gnoll!
You completely miss the gnoll. The gnoll misses you.
You block the gnoll's attack.
Your Fighting skill increases to level 4!
The gnoll attacks as it pursues you! The gnoll hits you with a +0 flail!
* * * LOW HITPOINT WARNING * * *
There is a stone staircase leading up here.
The gnoll hits you with a +0 flail.
* * * LOW HITPOINT WARNING * * *
You climb upwards.
There is a stone staircase leading down here.
It was a potion of berserk rage.
Your stasis prevents you from going berserk.
The gnoll hits you but does no damage.
It was a potion of attraction.
You feel attractive to monsters. The gnoll hits you with a +0 flail.
* * * LOW HITPOINT WARNING * * *
It was a potion of lignification.
You turn into a tree.
Your +0 scale mail melds into your body.
Your roots penetrate the ground.
The gnoll hits you with a +0 flail.
* * * LOW HITPOINT WARNING * * *
It was a potion of cancellation.
Your magical effects are unravelling.
You feel magically purged.
You feel less wooden.
Your +0 scale mail unmelds from your body.
The gnoll hits you with a +0 flail.
You die...

#.# #............
###.####################
#............###########
#########..####......(..
#####..##รท.#####.######.
#..#.....)..#..#.### #.
#...........#.#.#.####.
#......................
#.#...@....#...........
#.#..g.....##.####.####
#...........#..........
#...........#######.###
#.#........#..#........
####..##..###.#.###.###
#####..# <#.# #.# #.##
#.# #.# #.####.#.# #.#


You could see a gnoll.

Vanquished Creatures
  2 gnolls (D:3)
  An adder (D:2)
  2 worms (D:2)
  3 endoplasms
  7 giant cockroaches
  4 goblins
  2 hobgoblins
  9 jackals
  2 quokkas
  4 ball pythons
  4 bats
  4 frilled lizards
  5 kobolds
  3 rats
52 creatures vanquished.

Notes
Turn   | Place    | Note
-------+----------+-------------------------------------------
     0 | D:1      | Querens the Formicid Fighter began the quest for the Orb.
     0 | D:1      | Reached XP level 1. HP: 18/18 MP: 1/1
   112 | D:1      | Reached XP level 2. HP: 22/24 MP: 2/2
   327 | D:1      | Reached XP level 3. HP: 28/29 MP: 3/3
   706 | D:2      | Found a basalt altar of Yredelemnul.
   718 | D:2      | Reached XP level 4. HP: 37/37 MP: 4/4
  1303 | D:2      | Slain by a gnoll

Illustrated notes

Levels and vault maps discovered:
D:1:      eino_arrival_water_star, layout_loops_cross
D:2:      layout_basic, basic_altar, st_stairs_5, serial_bayou_lake_a
D:3:      layout_basic, grunt_decor_arrowhead, reono_crystal_passage,
          uniq_crazy_yiuf_cottage

Skill      XL: |  1  2  3  4 |
---------------+-------------+-----
Armour         | 4 |  4.0
Fighting       | 4 |  4.0
Axes           | |  2.8
Shields        | |  4.8

Action                     |  1- 3 |  4- 6 || total
---------------------------+-------+-------++-------
  Melee: War axe           |    98 |    52 ||   150
Ability: Dig               |       |     1 ||     1
    Use: Potion            |       |     4 ||     4
 Armour: Scale mail        |    58 |    59 ||   117
         Skin              |       |     1 ||     1
  Dodge: Dodged            |    49 |    43 ||    92
  Block: Buckler           |    25 |    20 ||    45

Table legend: (Time is in decaauts)
 A = Elapsed time spent in this place.
 B = Non-inter-level travel time spent in this place.
 C = Inter-level travel time spent in this place.
 D = Time resting spent in this place.
 E = Time spent auto-exploring this place.
 F = Levels seen in this place.
 G = Mean time per level.
                   A        B        C        D        E       F      G
               +--------+--------+--------+--------+--------+-----+--------+
         Total |   1378 |   1310 |     68 |      0 |      0 |   3 |  459.3 |
       Dungeon |   1378 |   1310 |     68 |      0 |      0 |   3 |  459.3 |
               +--------+--------+--------+--------+--------+-----+--------+

Top non-repeatable levels by time:
     D:2: 854 daAuts
     D:1: 502 daAuts
     D:3: 21 daAuts
